 Dungeon Crawl Stone Soup version 0.31.0-11-ge490571c62 (webtiles) character file.

Game seed: 3392040953289551317

4956 Legs the Basher (level 10, 0/90 HPs)
             Began as a Minotaur Berserker on Jan 29, 2024.
             Was an Elder of Trog.
             Slain by Joseph
             ... wielding a +0 quarterstaff
              (8 damage)
             ... on level 7 of the Dungeon on Feb 2, 2024.
             The game lasted 00:33:06 (6787 turns).

Legs the Basher (Minotaur Berserker)                Turns: 6787, Time: 00:33:06

Health: 0/90       AC: 14    Str: 26    XL:     10   Next: 28%
Magic:  9/9        EV:  8    Int:  4    God:    Trog [****..]
Gold:   347        SH:  0    Dex: 10    Spells: 9/9 levels left

rFire   + . .        l - +0 morningstar
rCold   . . .        (no shield)
rNeg    . . .        j - +0 plate armour
rPois   .            (helmet restricted)
rElec   .            (no cloak)
rCorr   .            (no gloves)
SInv    .            (no boots)
Will    .....        q - amulet of regeneration Stlth
                     r - ring of protection from fire
HPRegen 1.15/turn    (no ring)
MPRegen 0.11/turn

%: no passive effects
@: on berserk cooldown, slowed, very slow
A: horns 2, retaliatory headbutt
a: Renounce Religion, Berserk, Trog's Hand, Brothers in Arms


You were on level 7 of the Dungeon.
You worshipped Trog.
Trog was greatly pleased with you.
You visited 1 branch of the dungeon, and saw 7 of its levels.

You collected 347 gold pieces.

Inventory:

Hand Weapons
 l - a +0 morningstar (weapon)
 s - a +2 dagger of flaming
 u - a +2 antimagic flail
 v - a +1 short sword of draining
 C - a +0 dagger
 F - a +3 scimitar
Missiles
 a - 3 boomerangs (quivered)
 p - 4 atropa-tipped darts
Armour
 j - a +0 plate armour (worn)
 B - a +1 scale mail of poison resistance
Jewellery
 q - an amulet of regeneration (around neck)
 r - a ring of protection from fire (left hand)
 E - a ring of flight
Wands
 t - a wand of flame (18)
 w - a wand of roots (6)
 y - a wand of charming (1)
Scrolls
 d - 3 scrolls of blinking
 e - 3 scrolls of identify
 f - a scroll of fog {unknown}
 h - a scroll of poison
 i - a scroll of teleportation {unknown}
 k - a scroll of revelation
 m - a scroll of noise {unknown}
Potions
 b - a potion of haste {unknown}
 c - a potion of might {unknown}
 g - 2 potions of curing
 n - a potion of degeneration {unknown}
 o - a potion of attraction {unknown}
 x - a potion of enlightenment {unknown}
 z - a potion of brilliance {unknown}
 A - a potion of cancellation {unknown}
 D - a potion of mutation {unknown}


   Skills:
 + Level 8.8 Fighting
 + Level 12.9 Maces & Flails
 + Level 10.2 Armour
 + Level 3.6 Dodging
 + Level 1.1 Stealth


You had 9 spell levels left.
You didn't know any spells.
Your spell library was empty.

Dungeon Overview and Level Annotations

Branches:
Dungeon (7/15)             Temple (0/1) D:5

Altars:
Cheibriados
Sif Muna
Trog
Xom

Shops:
D:2 :

Annotations:
D:7 Joseph


Innate Abilities, Weirdness & Mutations

You have a pair of horns on your head.
You reflexively headbutt those who attack you in melee.


Message History

You closely miss the ice beast. Your headbutt misses the ice beast.
The ice beast is heavily wounded.
The iguana barely misses you. The ice beast hits you.
The ice beast freezes you!
The ice beast hits you but does no damage.
The iguana bites you but does no damage.
You hit the ice beast.
The ice beast is heavily wounded.
The iguana bites you but does no damage.
The ice beast barely misses you.
You hit the ice beast.
You punch the ice beast, but do no damage.
The ice beast is severely wounded.
You are no longer corroded.
The iguana barely misses you. The ice beast hits you.
The ice beast freezes you!
You hit the ice beast.
You kill the ice beast!
Trog accepts your kill. The iguana bites you.
Joseph shoots a sling bullet.
The sling bullet hits you! The iguana closely misses you.
Joseph unwields a +0 sling.
Joseph wields a +0 quarterstaff.
Joseph barely misses you.
You see here a +0 shortbow.
You hit Joseph.
Joseph is lightly wounded.
Joseph hits you with a +0 quarterstaff!
* * * LOW HITPOINT WARNING * * *
The iguana bites you!
* * * LOW HITPOINT WARNING * * *
Joseph hits you with a +0 quarterstaff!
* * * LOW HITPOINT WARNING * * *
You closely miss Joseph.
Joseph is lightly wounded.
The iguana barely misses you. Joseph closely misses you.
The iguana bites you but does no damage.
You barely miss Joseph.
Joseph is lightly wounded.
Joseph hits you with a +0 quarterstaff!
You die...

#. ♣............#..≈ .♣
♣#..♣..#♣...♣#..≈ .. #
♣.♣.#♣♣)♣♣#..≈ !♣♣# #.###
♣)♣ #..≈ ..# ♣)♣ ♣♣.♣
#.#. ♣.# ♣)♣ #♣.♣♣ #.##
♣.###.###.♣♣ #...
♣l##...##♣.♣♣ #... #
♣@##.[)##♣♣.♣♣#...
...#.♣♣♣@#..:..# ♣♣)♣#.#.
.........#.....#♣♣♣♣..†#.
......♣..#..~..#.........
.........#.....#♣♣♣♣...##
...#.♣♣♣.#..:..# ♣.♣#.#
.. # ♣.##.[.## ♣.♣ #.# .
# ♣.##...# ♣.♣ #.# #.
♣†###.###.♣ #.#


You could see Joseph and an iguana.

Vanquished Creatures
  Pikel (D:6)
  A gargoyle (D:7)
  Grinder (D:6)
  A wyvern (D:7)
  A yak (D:7)
  Menkaure (D:7)
  Duvessa (D:4)
  5 water moccasins
  An orc warrior (D:7)
  2 sky beasts
  A black bear (D:6)
  4 ogres
  An ice beast (D:7)
  3 centaurs (D:7)
  A lemure (D:6)
  A kobold brigand (D:7)
  2 phantoms
  4 bullfrogs
  5 scorpions
  5 wights
  Dowan (D:4)
  2 howler monkeys
  A bombardier beetle (D:5)
  3 jellies
  A gnoll bouda (D:7)
  2 orc priests
  A hound (D:5)
  Ijyb (D:5)
  3 iguanas
  A sleepcap (D:7)
  4 orc wizards
  Natasha (thrice) (D:4)
  11 adders
  A shadow imp (D:7)
  A white imp (D:5)
  4 ufetubi (D:6)
  3 dart slugs
  A ribbon worm (D:2)
  20 orcs
  7 endoplasms
  8 giant cockroaches
  6 goblins
  8 hobgoblins
  3 jackals (D:3)
  6 kobolds
  4 quokkas
  7 ball pythons
  2 bats
  3 frilled lizards
  8 rats
  A butterfly (D:5)
169 creatures vanquished.

Notes
Turn   | Place    | Note
-------+----------+-------------------------------------------
     0 | D:1      | Legs the Minotaur Berserker began the quest for the Orb.
     0 | D:1      | Reached XP level 1. HP: 19/19 MP: 0/0
   237 | D:1      | Reached XP level 2. HP: 27/27 MP: 1/1
   670 | D:1      | Reached skill level 4 in Maces & Flails
  1213 | D:1      | Reached XP level 3. HP: 33/33 MP: 2/2
  1472 | D:2      | Reached XP level 4. HP: 41/41 MP: 3/3
  1488 | D:2      | Found Inusium's Book Shoppe.
  1572 | D:2      | Reached ** piety under Trog
  1704 | D:2      | Reached skill level 5 in Maces & Flails
  1790 | D:2      | Found a shimmering blue altar of Sif Muna.
  2637 | D:3      | Found a faded altar of an unknown god.
  2941 | D:3      | Reached XP level 5. HP: 42/47 MP: 4/4
  3112 | D:4      | Noticed an ogre
  3121 | D:4      | Killed an ogre
  3122 | D:4      | Reached skill level 6 in Maces & Flails
  3351 | D:4      | Reached skill level 5 in Fighting
  3359 | D:4      | Noticed Natasha
  3363 | D:4      | Killed Natasha
  3364 | D:4      | Reached XP level 6. HP: 56/56 MP: 5/5
  3382 | D:4      | Noticed Duvessa
  3382 | D:4      | Noticed Dowan
  3394 | D:4      | Killed Duvessa
  3394 | D:4      | Noticed Natasha
  3403 | D:4      | Killed Dowan
  3411 | D:4      | Killed Natasha
  3477 | D:4      | Reached *** piety under Trog
  3523 | D:4      | Reached skill level 7 in Maces & Flails
  3613 | D:4      | Reached XP level 7. HP: 33/61 MP: 6/6
  3662 | D:4      | Noticed Natasha
  3668 | D:4      | Killed Natasha
  4078 | D:5      | Entered Level 5 of the Dungeon
  4085 | D:5      | Reached skill level 5 in Armour
  4394 | D:5      | Noticed Ijyb
  4424 | D:5      | Killed Ijyb
  4546 | D:5      | Reached skill level 8 in Maces & Flails
  4567 | D:5      | Reached XP level 8. HP: 49/71 MP: 7/7
  4820 | D:5      | Found a staircase to the Ecumenical Temple.
  4826 | D:5      | Identified the +1 scale mail of Cojaoxt {^Drain Str+2
                  | Stlth+}
  5019 | D:5      | Found a shimmering altar of Xom.
  5112 | D:5      | Found a snail-covered altar of Cheibriados.
  5126 | D:5      | Found a bloodstained altar of Trog.
  5220 | D:6      | Reached skill level 9 in Maces & Flails
  5459 | D:6      | Reached **** piety under Trog
  5483 | D:6      | Reached skill level 10 in Maces & Flails
  5524 | D:6      | Noticed Grinder
  5541 | D:6      | Killed Grinder
  5542 | D:6      | Reached skill level 1 in Stealth
  5659 | D:6      | Noticed Pikel
  5668 | D:6      | Killed Pikel
  5669 | D:6      | Reached skill level 11 in Maces & Flails
  5669 | D:6      | Reached XP level 9. HP: 68/79 MP: 8/8
  6371 | D:7      | Noticed Menkaure
  6380 | D:7      | Killed Menkaure
  6603 | D:7      | Reached skill level 12 in Maces & Flails
  6639 | D:7      | Noticed a gargoyle
  6657 | D:7      | Reached XP level 10. HP: 86/89 MP: 9/9
  6661 | D:7      | Killed a gargoyle
  6662 | D:7      | Reached skill level 10 in Armour
  6747 | D:7      | Noticed Joseph
  6787 | D:7      | Slain by Joseph

Illustrated notes

Levels and vault maps discovered:
D:1:      lightli_arrival_boilingwater, layout_basic,
          chequers_serial_rivers_large_b, chequers_serial_rivers_small_3,
          hangedman_abyss_or_decor_lesser_grid
D:2:      layout_basic, serial_shops, nicolae_shop_statue_plus, basic_altar
D:3:      layout_basic, hellmonk_ecumenical_altar_lost_god
D:4:      layout_rooms, minmay_crossroads, uniq_natasha, uniq_duvessa
D:5:      layout_cave_pools, mainiacjoe_overflow_24_doors,
          mainiacjoe_overflow_swirl, minmay_temple_entry_butterflies,
          kennysheep_generic_room_14, uniq_ijyb
D:6:      layout_loops_corners, uniq_grinder, uniq_pikel
D:7:      nzn_winding_woodlands_medium [nzn_winding_woodlands_5x5_three,
          nzn_winding_woodlands_5x15_concentric,
          nzn_winding_woodlands_5x5_perimeter, nzn_winding_woodlands_hourglass,
          nzn_winding_woodlands_center_garden,
          nzn_winding_woodlands_5x5_open_star,
          nzn_winding_woodlands_5x5_default,
          nzn_winding_woodlands_5x15_sawtooth,
          nzn_winding_woodlands_5x5_closed_star], layout_basic,
          chequers_serial_rivers_micro_e, eino_tiny_chamber, uniq_joseph,
          uniq_menkaure

Skill      XL: |  1  2  3  4  5  6  7  8  9 10 |
---------------+-------------------------------+-----
Maces & Flails | 4 5 6 7 8 11 12 | 12.9
Fighting       | 4 5 6 7 8 |  8.8
Armour         | 3 4 5 7 9 10 | 10.2
Dodging        | 3 |  3.6
Stealth        | 1 |  1.1

Action                     |  1- 3 |  4- 6 |  7- 9 | 10-12 || total
---------------------------+-------+-------+-------+-------++-------
  Melee: Mace              |    55 |    88 |       |       ||   143
         Headbutt          |     8 |    21 |    38 |    10 ||    77
         Punch             |       |     2 |     1 |     2 ||     5
         Morningstar       |       |    63 |   252 |    55 ||   370
 Invoke: Berserk           |     1 |       |       |     2 ||     3
         Trog's Hand       |       |       |       |     2 ||     2
    Use: Scroll            |     1 |     2 |       |       ||     3
         Potion            |     1 |       |       |       ||     1
 Armour: Animal skin       |    38 |       |       |       ||    38
         Plate armour      |       |   129 |   209 |    66 ||   404
         Scale mail        |       |    13 |       |       ||    13
  Dodge: Dodged            |    29 |    64 |   103 |    31 ||   227
